 Dungeon Crawl Stone Soup version 0.26.1-11-gd32895ea62 (webtiles) character file.

Game seed: 4721829642523854992

97 Zeld the Ducker (level 4, -2/33 HPs)
             Began as an Octopode Monk on May 18, 2021.
             Slain by an ogre
             ... wielding a +0 giant club
              (14 damage)
             ... on level 2 of the Dungeon.
             The game lasted 00:02:11 (2529 turns).

Zeld the Ducker (Octopode Monk)                     Turns: 2529, Time: 00:02:12

Health: -2/33      AC:  1    Str: 10    XL:     4   Next: 68%
Magic:  4/4        EV: 15    Int: 12    God:
Gold:   77         SH:  0    Dex: 15    Spells: 3/3 levels left

rFire    . . .     SeeInvis .     - Unarmed
rCold    . . .     Faith    .   (no shield)
rNeg     . . .     Spirit   .   (helmet restricted)
rPois    .         Reflect  .   (no amulet)
rElec    .         Harm     .   (no ring)
rCorr    .         Rampage  .   (no ring)
Will     .....                  (no ring)
Stlth    +++.......             (no ring)
HPRegen  0.11/turn              (no ring)
MPRegen  0.09/turn              (no ring)
                                (no ring)
                                (no ring)

@: no status effects
A: almost no armour, stealthy swim, amphibious, 8 rings, constrict 8, camouflage
1, gelatinous body 1
a: no special abilities


You were on level 2 of the Dungeon.
You visited 1 branch of the dungeon, and saw 2 of its levels.

You collected 77 gold pieces.

Inventory:

Missiles
 f - 6 boomerangs (quivered)
 i - a javelin
Jewellery
 m - an uncursed amulet of the acrobat
Scrolls
 c - 4 scrolls of identify {unknown}
 e - 2 scrolls of enchant weapon {unknown}
 h - 2 scrolls of magic mapping {unknown}
 j - a scroll of blinking {unknown}
 k - a scroll of teleportation {unknown}
 l - a scroll of remove curse {unknown}
 o - a scroll of noise {unknown}
Potions
 a - 2 potions of attraction {unknown}
 b - a potion of degeneration {unknown}
 d - a potion of magic {unknown}
 g - 3 potions of haste {unknown}
 n - a potion of heal wounds {unknown}


   Skills:
 - Level 3.9 Fighting
 * Level 2.0 Throwing
 - Level 3.9 Dodging
 - Level 2.6 Stealth
 - Level 3.0 Unarmed Combat


You had 3 spell levels left.
You didn't know any spells.
Your spell library was empty.

Dungeon Overview and Level Annotations

Branches:
Dungeon (2/15)

Altars:


Innate Abilities, Weirdness & Mutations

You cannot wear most types of armour.
You are very stealthy in the water. (Stealth+)
You are amphibious.
You can wear up to eight rings at the same time.
You can use your tentacles to constrict eight enemies at once.
Your skin changes colour to match your surroundings (Stealth+).
Your rubbery body absorbs attacks. (AC +1, EV +1)


Message History

The ogre is almost dead.
You throw a boomerang.
The boomerang hits the ogre but does no damage.
The ogre is almost dead.
The ogre hits you with a +0 giant club!
Ouch! That really hurt!
There is a stone staircase leading down here.
You throw a boomerang.
The boomerang hits the ogre but does no damage.
The ogre is almost dead.
The ogre hits you with a +0 giant club.
You are too injured to fight recklessly!
Throw: 2 javelins
Press: ? - help, Shift-Dir - straight line, f/p - ogre
Aim: an ogre, wielding a +0 giant club (almost dead, 75% to hit)
You throw a javelin.
The javelin pierces through the ogre but does no damage.
The ogre is almost dead.
The ogre hits you with a +0 giant club!
You die...

###### ######### .....######
#.......# ..........# #.......#
##........# #.......# ......##..#
#.......# .#.#...#..#
#.......###########
.......#..#####....<..##.........
................@O.....(>........
.......#...............#.........
#..##..#.....##........#.........
##.##..#.#...##..................
#.#####.#...##.......###.#######
#.##....#............###.#
#.##.#..#..######........#
#.##.#..#.............####
#.#..#..#...#............#


You could see an ogre.

Vanquished Creatures
  2 adders (D:2)
  3 gnolls
  An ooze (D:2)
  3 dart slugs
  A ball python (D:1)
  A bat (D:2)
  3 giant cockroaches (D:2)
  4 goblins
  4 hobgoblins
  7 jackals (D:1)
  3 kobolds
  3 frilled lizards
  4 rats (D:1)
39 creatures vanquished.

Notes
Turn   | Place    | Note
-------+----------+-------------------------------------------
     0 | D:1      | Zeld the Octopode Monk began the quest for the Orb.
     0 | D:1      | Reached XP level 1. HP: 16/16 MP: 1/1
   195 | D:1      | Reached XP level 2. HP: 21/21 MP: 2/2
   590 | D:1      | Reached XP level 3. HP: 26/26 MP: 3/3
  1530 | D:2      | Reached XP level 4. HP: 33/33 MP: 4/4
  1769 | D:1      | Reached skill level 1 in Throwing
  2510 | D:2      | Noticed an ogre
  2529 | D:2      | Slain by an ogre

Illustrated notes

Levels and vault maps discovered:
D:1:      dpeg_arrival_windows_large_door, layout_loops_ring, minmay_tromino_v2
D:2:      layout_basic

Skill      XL: |  1  2  3  4 |
---------------+-------------+-----
Throwing       | 2 |  2.0
Fighting       | |  3.9
Dodging        | |  3.9
Stealth        | |  2.6
Unarmed Combat | |  3.0

Action                   |  1- 3 |  4- 6 || total
-------------------------+-------+-------++-------
Melee: Unarmed           |    66 |    32 ||    98
       Constrict         |    18 |     6 ||    24
       Tentacles         |     9 |     3 ||    12
       Punch             |     3 |       ||     3
Throw: Boomerang         |       |     6 ||     6
       Javelin           |       |     1 ||     1
 Stab: Sleeping          |    11 |     1 ||    12
Armor: Skin              |     3 |     1 ||     4
Dodge: Dodged            |    34 |    30 ||    64
